 Dungeon Crawl Stone Soup version 0.30-a0-297-g0ec75d9ef4 (webtiles) character file.

Game seed: 11987407196033240027

19777 ryw the Carver (level 12, -3/90 HPs)
             Began as a Demonspawn Monk on Oct 19, 2022.
             Was an Elder of Hepliaklqana.
             Succumbed to an orange demon's poison
             ... on level 1 of the Lair of Beasts.
             The game lasted 00:27:15 (13542 turns).

ryw the Carver (Demonspawn Monk)                   Turns: 13542, Time: 00:27:15

Health: -3/90      AC:  7    Str: 16    XL:     12   Next: 39%
Magic:  19/19      EV: 21    Int: 15    God:    Hepliaklqana [****..]
Gold:   1029       SH:  0    Dex: 16    Spells: 17/20 levels left

rFire   . . .      SeeInvis .    a - +2 demon blade of Indomitability {venom, rElec Will+ Str-3}
rCold   + . .      Faith    .    (no shield)
rNeg    . . .      Spirit   .    F - +2 robe {rC+}
rPois   .          Reflect  .    (helmet restricted)
rElec   +          Harm     .    c - +1 cloak
rCorr   +          Rampage  .    (no gloves)
Will    +....                    y - +0 pair of boots
Stlth   ++........               (no amulet)
HPRegen 0.35/turn                i - +4 ring of evasion
MPRegen 0.16/turn                u - ring "Byzxummith" {rElec rCorr Str+6}

@: lethally poisoned (-3 -> -48), about to teleport
A: reduced essence, hooves 2, horns 2, demonic guardian 1, foul stench 1,
demonic touch 2, screaming 1
a: Renounce Religion, Recall Ancestor, Ancestor Identity, Transference, Idealise


You were on level 1 of the Lair of Beasts.
You worshipped Hepliaklqana.
Hepliaklqana was greatly pleased with you.
You visited 3 branches of the dungeon, and saw 13 of its levels.
You also visited: Ossuary.

You collected 1029 gold pieces.

Inventory:

Hand Weapons
 a - the +2 demon blade of Indomitability (weapon) {venom, rElec Will+ Str-3}
   (You acquired it on level 4 of the Dungeon)

   It poisons the flesh of those it strikes.
   Str:       It affects your strength (-3).
   rElec:     It insulates you from electricity.
   Will:      It increases your willpower.
 A - a +0 arbalest
 G - a +0 scimitar of flaming
Missiles
 d - 4 javelins (quivered)
 f - 3 datura-tipped darts
 z - 2 throwing nets
Armour
 c - a +1 cloak (worn)
 y - a +0 pair of boots (worn)
 F - a +2 robe of cold resistance (worn)
 K - a +0 troll leather armour
Jewellery
 e - a ring of protection from cold
 h - a ring of resist corrosion
 i - a +4 ring of evasion (left hand)
 l - a ring of poison resistance
 r - a ring of ice
 u - the ring "Byzxummith" (right hand) {rElec rCorr Str+6}
   (You found it on level 1 of the Lair of Beasts)

   [ring of strength]

   Str:       It affects your strength (+6).
   rElec:     It insulates you from electricity.
   rCorr:     It protects you from acid and corrosion.
 E - a ring of wizardry
Wands
 o - a wand of charming (4)
 s - a wand of flame (23)
 x - a wand of roots (36)
 J - a wand of digging (4)
Scrolls
 b - 3 scrolls of amnesia
 g - 10 scrolls of teleportation
 n - 2 scrolls of fog
 p - 3 scrolls of poison
 q - 2 scrolls of enchant armour
 B - 7 scrolls of identify
 H - 2 scrolls of torment
 I - a scroll of fear {unknown}
 M - a scroll of summoning {unknown}
Potions
 j - a potion of attraction
 k - 2 potions of degeneration
 m - 2 potions of cancellation
 t - 4 potions of flight
 v - 5 potions of brilliance
 w - 2 potions of mutation
 C - 4 potions of lignification
 D - a potion of resistance
 L - a potion of haste


   Skills:
 + Level 11.4 Fighting
 * Level 11.8 Long Blades
 + Level 8.8 Dodging
 - Level 1.7 Stealth
 - Level 2.6 Unarmed Combat
 - Level 4.9 Spellcasting
 + Level 5.3 Air Magic


You had 17 spell levels left.
You knew the following spells:

 Your Spells              Type           Power      Damage    Failure   Level
a - Swiftness             Air            19%        N/A       5%          3

Your spell library contained the following spells:

 Spells                   Type           Power      Damage    Failure   Level
 Shock                    Conj/Air       44%        1d5       5%          1
 Airstrike                Air            9%         2d(2-18)  19%         4
 Portal Projectile        Hex/Tloc       6%         N/A       45%         3
 Tukima's Dance           Hex            3%         N/A       45%         3
 Summon Lightning Spire   Summ/Air       11%        N/A       50%         4
 Lightning Bolt           Conj/Air       5%         1d17      83%         5
 Cause Fear               Hex            1%         N/A       86%         4
 Blade Hands              Tmut           1%         N/A       99%         5
 Dragon Form              Tmut           1%         N/A       100%        7
 Borgnjor's Revivificati  Necr           1%         N/A       100%        8
 Necromutation            Tmut/Necr      1%         N/A       100%        8
 Death's Door             Necr           1%         N/A       100%        9
 Dragon's Call            Summ           1%         N/A       100%        9


Dungeon Overview and Level Annotations

Branches:
Dungeon (10/15)            Temple (1/1) D:7            Lair (2/5) D:10
 Shoals (0/4) Lair:2        Snake (0/4) Lair:2      Ossuary (visited)
    Orc: D:9-12

Altars:
Dithmenos
Fedhas
Gozag
Hepliaklqana
Kikubaaqudgha
Makhleb
Okawaru
Ru
Sif Muna
Trog
Vehumet
Xom
Yredelemnul

Shops:
D:7 *   D:9 [

Annotations:
D:6 1 runed translucent door, garrulousMonolith's ghost, novice MiHu
Lair:1 Amaemon
Lair:2 Ehaohe's ghost, journeyman DrBe


Innate Abilities, Weirdness & Mutations

Your life essence is reduced to manifest your ancestor. (-10% HP)
You have hoof-like feet.
You have a pair of horns on your head.
A weak demonic guardian rushes to your aid.
You may rarely emit foul miasma when damaged in melee.
Your touch may inflict irresistible damage on your foes.
You occasionally shout uncontrollably at your foes.


Message History

Your quasit barely misses Ehaohe's ghost.
Your quasit closely misses Ehaohe's ghost.
Lucius hits Ehaohe's ghost but does no damage.
Your quasit misses Ehaohe's ghost.
Your quasit barely misses Ehaohe's ghost.
Your quasit closely misses Ehaohe's ghost.
Lucius points at Ehaohe's ghost and mumbles some strange words.
Ehaohe's ghost resists with almost no effort.
Your quasit bites Ehaohe's ghost.
Your quasit barely misses Ehaohe's ghost. x2
Your quasit bites Ehaohe's ghost but does no damage.
Your quasit claws Ehaohe's ghost but does no damage.
Your quasit closely misses Ehaohe's ghost.
Your quasit disappears in a puff of smoke!
Ehaohe's ghost lets out a mournful wail.
You see here a +0 ring mail.
There is a stone staircase leading up here.
You climb upwards.
Level annotation: Amaemon
There is a stone staircase leading down here.
You start resting.
Amaemon is nearby!
Amaemon points at something and mumbles some strange words.
The orange demon screeches!
The orange demon stings you from afar!
* * * LOW HITPOINT WARNING * * *
A demonic guardian appears!
You are lethally poisoned!
The orange demon poisons you!
Unknown command.
As you read the scroll of teleportation, it crumbles to dust.
You feel strangely unstable.
* * * LOW HITPOINT WARNING * * *
You feel very sick. The orange demon stings you from afar.
* * * LOW HITPOINT WARNING * * *
You are more poisoned.
The orange demon poisons you!
Your white imp misses Amaemon.
Unknown command.
You die...

....#...~≈≈≈≈≈~.........##
....#...~~~~~~~..........#
........................##
....#####.#P####........#
..#### #.#####.........#
.....####.#.............#
........................##
.........................#
.....[###...###.@.......##
................####...##
.............4..# #.....#
..............56####...##
................#.##...#
.....................###
>...............######
##.############## ###


You could see Amaemon (ally target), an orange demon and a friendly white imp
(summoned).

Vanquished Creatures
  A catoblepas (Lair:2)
  The ghost of Kushur the Severer, a journeyman VSGl of Hepliaklqana (Lair:1)
  3 two-headed ogres
  Erica (Lair:1)
  2 boulder beetles (Lair:2)
  3 black mambas
  3 cane toads (Lair:2)
  4 komodo dragons
  A troll (D:10)
  A hornet (D:9)
  2 blink frogs (Lair:2)
  2 wyverns
  3 wraiths
  13 yaks
  3 basilisks
  Menkaure (D:5)
  9 water moccasins
  Duvessa (D:4)
  2 orc warriors
  3 black bears
  A sky beast (D:7)
  11 wolves
  3 ogres
  5 centaurs
  5 bullfrogs
  4 necrophages
  5 scorpions
  3 wights (D:8)
  Dowan (D:4)
  4 killer bees (D:9)
  4 electric eels
  A howler monkey (D:8)
  6 hounds
  Crazy Yiuf (D:5)
  A gnoll bouda (D:9)
  5 orc priests
  2 jellies
  6 iguanas
  3 orc wizards
  8 mummies (Ossuary)
  12 gnolls
  8 adders
  A shadow imp (D:6)
  A white imp (D:7)
  4 worms
  3 dart slugs
  44 orcs
  4 endoplasms
  A giant cockroach (D:3)
  4 goblins
  8 hobgoblins
  3 jackals (D:4)
  6 kobolds
  5 quokkas
  10 ball pythons
  5 bats
  A frilled lizard (D:2)
  A gnoll zombie (Ossuary)
  A hobgoblin zombie (Ossuary)
  An orc zombie (Ossuary)
  2 rats
263 creatures vanquished.

Vanquished Creatures (collateral kills)
  Joseph (D:9)
  A gargoyle (D:9)
  Maggie (Lair:1)
  3 komodo dragons
  3 blink frogs (Lair:2)
  A black bear (D:8)
  2 wolves
  A kobold brigand (D:8)
  2 hounds (D:10)
  An iguana (D:4)
  A gnoll (D:6)
  An orc (D:8)
  2 gnoll zombies (Ossuary)
  A hobgoblin zombie (Ossuary)
  2 orc zombies (Ossuary)
23 creatures vanquished.

Vanquished Creatures (others)
  4 hexers
  21 fungi
  17 plants
  5 toadstools (D:4)
47 creatures vanquished.

Grand Total: 333 creatures vanquished

Notes
Turn   | Place    | Note
-------+----------+-------------------------------------------
     0 | D:1      | ryw the Demonspawn Monk began the quest for the Orb.
     0 | D:1      | Reached XP level 1. HP: 18/18 MP: 1/1
   299 | D:1      | Discovered your monstrous ancestry.
   299 | D:1      | Gained mutation: Your touch may inflict minor irresistible
                  | damage on your foes. [demonic ancestry]
   299 | D:1      | Reached XP level 2. HP: 23/24 MP: 2/2
   617 | D:1      | You fall into a shaft and drop 1 floor!
   690 | D:1      | Gained mutation: A weak demonic guardian rushes to your
                  | aid. [demonic ancestry]
   690 | D:1      | Reached XP level 3. HP: 30/30 MP: 3/3
   691 | D:1      | Found a faded altar of an unknown god.
  1826 | D:3      | Reached skill level 5 in Fighting
  1826 | D:3      | Gained mutation: You have a pair of small horns on your
                  | head. [demonic ancestry]
  1826 | D:3      | Reached XP level 4. HP: 22/39 MP: 4/4
  1930 | D:3      | Found a blossoming altar of Fedhas.
  2122 | D:3      | Gained mutation: Your touch may inflict irresistible damage
                  | on your foes. [demonic ancestry]
  2122 | D:3      | Reached XP level 5. HP: 42/46 MP: 5/5
  2395 | D:4      | Noticed an ogre
  2410 | D:4      | Killed an ogre
  2424 | D:4      | Noticed Duvessa
  2424 | D:4      | Noticed Dowan
  2471 | D:4      | Reached XP level 6. HP: 53/53 MP: 6/6
  2477 | D:4      | Identified a scroll of acquirement
  2477 | D:4      | Acquired the +2 demon blade of Indomitability {venom, rElec
                  | Will+ Str-3}
  2547 | D:4      | Reached skill level 1 in Long Blades
  2951 | D:4      | Killed Duvessa
  2961 | D:4      | Killed Dowan
  2964 | D:4      | Gained mutation: You have a pair of horns on your head.
                  | [demonic ancestry]
  2964 | D:4      | Reached XP level 7. HP: 11/60 MP: 7/7
  3630 | D:5      | Entered Level 5 of the Dungeon
  3810 | D:5      | Noticed Menkaure
  3817 | D:5      | Killed Menkaure
  3863 | D:5      | Reached XP level 8. HP: 59/68 MP: 8/8
  3949 | D:5      | Found a runed translucent door.
  3950 | D:5      | Noticed Crazy Yiuf
  4361 | D:5      | Found a bloodstained altar of Trog.
  4404 | D:5      | Reached skill level 5 in Long Blades
  4892 | D:5      | Killed Crazy Yiuf
  5392 | D:6      | Found a runed translucent door.
  5392 | D:6      | Noticed garrulousMonolith's ghost (novice MiHu)
  5406 | D:6      | Reached skill level 5 in Dodging
  5868 | D:6      | Gained mutation: You have large cloven feet. [demonic
                  | ancestry]
  5868 | D:6      | Reached XP level 9. HP: 70/75 MP: 9/9
  6083 | D:7      | Reached skill level 1 in Spellcasting
  6300 | D:7      | Found Wekiec's Assorted Antiques.
  6392 | D:7      | Found a staircase to the Ecumenical Temple.
  6964 | Temple   | Entered the Ecumenical Temple
  6981 | Temple   | Became a worshipper of Hepliaklqana the Forgotten
  6981 | Temple   | Reached * piety under Hepliaklqana
  6981 | Temple   | Reached ** piety under Hepliaklqana
  6982 | Temple   | Remembered your ancestor Lucius as a hexer
  7032 | D:8      | Found a sand-covered staircase.
  7047 | Ossuary  | Entered an ossuary
  7287 | D:8      | Noticed a two-headed ogre
  7295 | D:8      | Killed a two-headed ogre
  7467 | D:8      | Gained mutation: You may rarely emit foul miasma when
                  | damaged in melee. [demonic ancestry]
  7467 | D:8      | Reached XP level 10. HP: 32/74 MP: 14/14
  8388 | D:9      | Noticed a two-headed ogre
  8392 | D:9      | Killed a two-headed ogre
  8493 | D:9      | Noticed Joseph
  8505 | D:9      | Killed Joseph
  8611 | D:9      | Learned a level 3 spell: Swiftness
  8867 | D:9      | Found Weim's Antique Armour Emporium.
  9058 | D:9      | Reached *** piety under Hepliaklqana
  9349 | D:9      | Noticed a gargoyle
  9360 | D:9      | Killed a gargoyle
  9361 | D:9      | Reached skill level 1 in Air Magic
  9705 | D:10     | Entered Level 10 of the Dungeon
  9775 | D:10     | Noticed a two-headed ogre
  9778 | D:10     | Killed a two-headed ogre
  9779 | D:10     | Reached skill level 10 in Fighting
  9907 | D:10     | Reached XP level 11. HP: 42/81 MP: 16/18
 10121 | D:10     | Found a staircase to the Lair.
 10451 | Lair:1   | Entered Level 1 of the Lair of Beasts
 10573 | Lair:1   | Found a transporter.
 10584 | Lair:1   | Noticed Kushur's ghost (journeyman VSGl)
 10587 | Lair:1   | Found a transporter.
 10619 | Lair:1   | Reached skill level 10 in Long Blades
 10620 | Lair:1   | HP: 4/82 [Kushur's ghost (18)]
 10627 | Lair:1   | Killed Kushur's ghost
 10631 | Lair:1   | Identified the ring "Byzxummith" {rElec rCorr Str+6}
 10909 | Lair:1   | Noticed Maggie
 10917 | Lair:1   | Killed Maggie
 10955 | Lair:1   | Noticed Amaemon
 11046 | Lair:2   | Noticed a boulder beetle
 11053 | Lair:2   | Killed a boulder beetle
 11109 | Lair:2   | Found a large runed translucent door.
 11109 | Lair:2   | Found a large runed translucent door.
 11109 | Lair:2   | Reached **** piety under Hepliaklqana
 11130 | Lair:2   | Noticed a catoblepas
 11152 | Lair:2   | Killed a catoblepas
 11593 | Lair:2   | Found a staircase to the Snake Pit.
 11631 | Lair:1   | Noticed Erica
 11643 | Lair:1   | Killed Erica
 12046 | Lair:1   | Reached XP level 12. HP: 67/90 MP: 19/19
 12448 | Lair:2   | Found a staircase to the Shoals.
 12585 | Lair:2   | Noticed a boulder beetle
 12597 | Lair:2   | Killed a boulder beetle
 12790 | Lair:2   | Reached skill level 5 in Air Magic
 12940 | Lair:2   | Noticed Ehaohe's ghost (journeyman DrBe)
 13468 | Lair:2   | Gained mutation: You occasionally lose the ability to drink
                  | potions when taking damage. [potion of mutation]
 13469 | Lair:2   | Lost mutation: You occasionally lose the ability to drink
                  | potions when taking damage. [potion of mutation]
 13469 | Lair:2   | Gained mutation: You expend magic power (3 MP) to
                  | strengthen your wands. [potion of mutation]
 13469 | Lair:2   | Gained mutation: You have hoof-like feet. [potion of
                  | mutation]
 13470 | Lair:2   | Lost mutation: You have hoof-like feet. [potion of
                  | mutation]
 13470 | Lair:2   | Lost mutation: You expend magic power (3 MP) to strengthen
                  | your wands. [potion of mutation]
 13470 | Lair:2   | Gained mutation: You occasionally shout uncontrollably at
                  | your foes. [potion of mutation]
 13470 | Lair:2   | Gained mutation: You have hoof-like feet. [potion of
                  | mutation]
 13542 | Lair:1   | Succumbed to an orange demon's poison

Illustrated notes

Levels and vault maps discovered:
D:1:      lightli_arrival_quake, layout_basic,
          dilly_ecumenical_altar_fadedgnrine
D:2:      layout_loops_ring
D:3:      layout_basic, fedhas_altar_3, kennysheep_path_1
D:4:      layout_loops_corners, minmay_gold_behind_fungi, uniq_duvessa
D:5:      layout_loops_corners, trog_book, uniq_crazy_yiuf_cottage,
          uniq_menkaure
D:6:      layout_gridville, nicolae_elyvilon_peaceful_grove, serial_glass,
          glass_columns_a, glass_columns_a, glass_columns_a, glass_columns_a,
          glass_columns_b, glass_columns_b, glass_columns_c, glass_columns_b,
          glass_columns_a, glass_columns_c, gammafunk_ghost_grave,
          hangedman_decor_slide_cut
D:7:      layout_loops_ring, minmay_temple_entry_stoned_glass, serial_shops,
          nicolae_take_the_stairs
D:8:      cheibrodos_quashed, layout_rooms, nicolae_ossuary_entry_monument
D:9:      layout_stronghold, serial_shops, shop, uniq_joseph
D:10:     layout_roguey, erik_lair_island
Temple:   hellmonk_temple_of_storms
Lair:1:   layout_gridlike, gammafunk_ghost_arena, serial_bayou_shore_a,
          infiniplex_staircase_pool_2, uniq_amaemon, uniq_maggie, uniq_erica
Lair:2:   wad_woods_structure_01, layout_regular_city, shoals_dummy_entry,
          ebering_ghost_disaster_area

Skill      XL: |  1  2  3  4  5  6  7  8  9 10 11 12 |
---------------+-------------------------------------+-----
Fighting       | 4 5 6 7 8 9 10 11 | 11.4
Long Blades    | 2 4 6 8 9 11 | 11.8
Dodging        | 3 4 5 6 7 8 |  8.8
Spellcasting   | 3 4 |  4.9
Air Magic      | 2 4 5 |  5.3
Stealth        | |  1.7
Unarmed Combat | |  2.6

Action                   |  1- 3 |  4- 6 |  7- 9 | 10-12 || total
-------------------------+-------+-------+-------+-------++-------
Melee: Unarmed           |    83 |       |       |       ||    83
       Punch             |     2 |     4 |     3 |    12 ||    21
       Touch             |    14 |    16 |    48 |    64 ||   142
       Dagger            |    20 |    68 |       |       ||    88
       Headbutt          |       |    17 |    45 |   100 ||   162
       Demon blade       |       |    37 |   207 |   353 ||   597
       Kick              |       |       |     5 |       ||     5
Throw: Javelin           |       |       |       |     1 ||     1
Invok: Ancestor Life: He |       |       |     1 |       ||     1
  Use: Potion            |     1 |     5 |       |     9 ||    15
       Scroll            |       |    10 |     8 |     5 ||    23
 Stab: Sleeping          |     7 |     1 |     7 |     3 ||    18
       Distracted        |       |       |     2 |     6 ||     8
       Confused          |       |       |     2 |     3 ||     5
Armor: Robe              |    21 |    14 |    23 |    33 ||    91
Dodge: Dodged            |    63 |    69 |   130 |   233 ||   495

Table legend: (Time is in decaauts)
 A = Elapsed time spent in this place.
 B = Non-inter-level travel time spent in this place.
 C = Inter-level travel time spent in this place.
 D = Time resting spent in this place.
 E = Time spent auto-exploring this place.
 F = Levels seen in this place.
 G = Mean time per level.
                   A        B        C        D        E       F      G
               +--------+--------+--------+--------+--------+-----+--------+
         Total |  13475 |  13024 |    451 |   1301 |   9740 |  14 |  962.5 |
       Dungeon |  10193 |   9777 |    416 |    995 |   7389 |  10 | 1019.3 |
        Temple |     35 |     20 |     15 |      0 |      0 |   1 |   35.0 |
          Lair |   3038 |   3018 |     20 |    306 |   2202 |   2 | 1519.0 |
       Ossuary |    207 |    207 |      0 |      0 |    148 |   1 |  207.0 |
               +--------+--------+--------+--------+--------+-----+--------+

Top non-repeatable levels by time:
  Lair:2: 1681 daAuts
     D:5: 1440 daAuts
  Lair:1: 1356 daAuts
     D:9: 1309 daAuts
     D:4: 1247 daAuts
     D:8: 1156 daAuts
     D:6: 1003 daAuts
     D:1: 916 daAuts
     D:7: 909 daAuts
     D:3: 843 daAuts
    D:10: 738 daAuts
     D:2: 629 daAuts
 Ossuary: 207 daAuts
  Temple: 35 daAuts
